[Event "January 2 Late 2024"]
[Site "https://www.chess.com"]
[Date "2024.01.02"]
[Round "7"]
[White "Salman, Ilhan Serhat"]
[Black "Titus, Andrew"]
[Result "0-1"]
[Board "95"]
[TimeControl "180+1"]
[WhiteFideId "6361579"]
[BlackFideId "2059770"]
[WhiteElo "2445"]
[BlackElo "2606"]
[WhiteTeam "TUR"]
[BlackTeam "USA"]
[WhiteClock "0:00:18"]
[BlackClock "0:00:13"]

1. e4 c5 2. b3 Nc6 3. Bb2 e5 4. g3 d6 5. Bg2 g6 6. Ne2 Bg7 7. O-O Nge7 8. f4 O-O 9. d3 Bg4 10. Nd2 Qd7 11. Nf3 f5 12. Qd2 Nd4 13. Nexd4 cxd4 14. Rae1 fxe4 15. Rxe4 Nc6 16. Ba3 Rfe8 17. fxe5 dxe5 18. Rfe1 Bf5 19. R4e2 h6 20. Nh4 Bg4 21. Rf2 g5 22. Nf3 Bf5 23. h4 e4 24. dxe4 Bxe4 25. hxg5 h5 26. Nh4 Bxg2 27. Kxg2 Qd5+ 28. Kh2 Rxe1 29. Qxe1 Ne5 30. Qe2 Ng4+ 31. Kg1 Nxf2 32. Qxf2 d3 33. Nf5 d2 34. Ne7+ Kh8 35. Nxd5 d1=Q+ 36. Kh2 Qxd5 37. Qe2 Qf7 38. Bd6 Re8 39. Qd1 Qe6 40. Qxh5+ Kg8 41. Kg1 Qe1+ 42. Kg2 Re2+ 43. Kh3 Qh1+ 44. Kg4 Re4+ 45. Kf5 Qxh5 46. Kxe4 Qg6+ 47. Kd5 Qxg5+ 48. Ke6 Qg6+ 49. Kd7 Qxc2 50. b4 Qc6+ 51. Ke6 Bf8 52. Kf5 Qxd6 53. b5 Bg7 54. b6 Qe5+ 55. Kg4 axb6 56. a4 Bf8 57. a5 Bd6 58. axb6 Qxg3+ 59. Kf5 Qe5+ 60. Kg6 Be7 61. Kh6 Qg5# 0-1

[Event "January 2 Late 2024"]
[Site "https://www.chess.com"]
[Date "2024.01.02"]
[Round "7"]
[White "Olenik Campa, Rudi"]
[Black "Vujacic, Igor"]
[Result "1-0"]
[Board "96"]
[TimeControl "180+1"]
[WhiteFideId "14633264"]
[BlackFideId "932620"]
[WhiteElo "2596"]
[BlackElo "2444"]
[WhiteTeam "SLO"]
[BlackTeam "MNE"]
[WhiteClock "0:01:30"]
[BlackClock "0:00:00"]

1. e4 c5 2. Nf3 Nc6 3. Bb5 g6 4. Bxc6 dxc6 5. O-O Bg7 6. d3 Nf6 7. a4 Nd7 8. a5 e5 9. Na3 Qe7 10. Nc4 Nf8 11. Be3 Bg4 12. h3 Bxf3 13. Qxf3 Ne6 14. c3 Rd8 15. Rfd1 O-O 16. Qg3 f5 17. exf5 gxf5 18. Bh6 Rd5 19. Re1 f4 20. Qg4 Kh8 21. Bxg7+ Nxg7 22. d4 cxd4 23. cxd4 Rxd4 24. Nxe5 Qe6 25. Qxe6 Nxe6 26. Nxc6 bxc6 27. Rxe6 Rd2 28. Rxc6 Rxb2 29. Rc7 f3 30. g3 a6 31. Ra7 Re8 32. Rd1 Rbe2 33. Kf1 R2e6 34. g4 Kg8 35. Kg1 Re2 36. Rxa6 Rc2 37. Ra7 1-0

[Event "January 2 Late 2024"]
[Site "https://www.chess.com"]
[Date "2024.01.02"]
[Round "7"]
[White "Gontcharov, Vladislav"]
[Black "Bellissimo, Joseph F."]
[Result "1-0"]
[Board "97"]
[TimeControl "180+1"]
[WhiteFideId "4123492"]
[BlackFideId "2609843"]
[WhiteElo "2591"]
[BlackElo "2437"]
[WhiteTeam "RUS"]
[BlackTeam "CAN"]
[WhiteClock "0:00:10"]
[BlackClock "0:00:22"]

1. e4 e6 2. d4 d5 3. Nc3 Nf6 4. e5 Nfd7 5. Nf3 c5 6. Ne2 Nc6 7. c3 f6 8. exf6 Qxf6 9. Be3 h6 10. Ng3 cxd4 11. Nxd4 Bd6 12. Bb5 Nce5 13. O-O a6 14. Be2 O-O 15. f4 Nc6 16. Bg4 e5 17. Ne6 exf4 18. Nxf8 Nxf8 19. Bxc8 Rxc8 20. Qxd5+ Kh8 21. Nh5 Qh4 22. Nxf4 Rd8 23. Qf3 Ne5 24. Qh3 Qe7 25. Rae1 Qc7 26. Kh1 Nh7 27. Bd4 Ng5 28. Qh5 Nef7 29. Qg6 Be5 30. Bxe5 Nxe5 31. Qf5 Nc4 32. h4 Nd6 33. Ng6+ Kg8 34. Qd5+ Ngf7 35. Re7 Qc6 36. Qxc6 bxc6 37. Rd1 Rb8 38. b3 Rb5 39. c4 Rh5 40. g4 Ra5 41. Rd2 Kh7 42. h5 Rxh5+ 43. gxh5 a5 44. c5 Nf5 45. Rxf7 Nh4 46. Nxh4 a4 47. Rdd7 a3 48. Rxg7+ Kh8 49. Ng6# 1-0

[Event "January 2 Late 2024"]
[Site "https://www.chess.com"]
[Date "2024.01.02"]
[Round "7"]
[White "Grycel, Kamil"]
[Black "Xie, Bryan"]
[Result "0-1"]
[Board "98"]
[TimeControl "180+1"]
[WhiteFideId "1115499"]
[BlackFideId "30941296"]
[WhiteElo "2581"]
[BlackElo "2433"]
[WhiteTeam "POL"]
[BlackTeam "USA"]
[WhiteClock "0:00:05"]
[BlackClock "0:00:05"]

1. d4 d5 2. Bf4 Nf6 3. Nf3 c5 4. c3 Nc6 5. e3 e6 6. Nbd2 cxd4 7. cxd4 Nh5 8. Be5 f6 9. Bg3 Nxg3 10. hxg3 Bd6 11. Bd3 f5 12. Rc1 Nb4 13. Bb1 a5 14. a3 Nc6 15. Nb3 Qb6 16. O-O a4 17. Nc5 Bxc5 18. dxc5 Qxb2 19. Qd3 O-O 20. g4 Ne7 21. Nd4 b6 22. Rc2 Qa1 23. Ba2 Qxf1+ 24. Qxf1 bxc5 25. Rxc5 fxg4 26. Rc7 g3 27. Rxe7 gxf2+ 28. Kh2 Ba6 29. Nb5 Bxb5 30. Qxb5 f1=Q 31. Qc6 Qf6 32. Rxe6 Qh4+ 33. Kg1 Qf2+ 34. Kh2 Qxa2 35. Re7 Qf2 36. Qe6+ Kh8 37. Qxd5 Qh4+ 38. Kg1 Qxe7 39. e4 Rad8 40. Qc4 Rd1+ 41. Kh2 Qh4# 0-1

[Event "January 2 Late 2024"]
[Site "https://www.chess.com"]
[Date "2024.01.02"]
[Round "7"]
[White "Blanco Diez, David"]
[Black "AmanteDeMoi"]
[Result "1-0"]
[Board "99"]
[TimeControl "180+1"]
[WhiteFideId "32032927"]
[WhiteElo "2431"]
[BlackElo "2570"]
[WhiteTeam "ESP"]
[WhiteClock "0:00:16"]
[BlackClock "0:00:07"]

1. d4 g6 2. Nc3 Bg7 3. e4 d6 4. Be3 e5 5. f3 Nc6 6. Nge2 f5 7. Qd2 Nf6 8. O-O-O fxe4 9. Nxe4 Nxe4 10. fxe4 exd4 11. Nxd4 Nxd4 12. Bxd4 O-O 13. Bc4+ Kh8 14. Bxg7+ Kxg7 15. e5 Bg4 16. Rde1 dxe5 17. Rxe5 Qxd2+ 18. Kxd2 Rf2+ 19. Kc3 Kf6 20. Rc5 c6 21. Rf1 Rxf1 22. Bxf1 Bd7 23. Rc4 Be6 24. Rf4+ Ke5 25. Rf2 b5 26. a3 a5 27. Bd3 c5 28. Bxb5 Bd5 29. g3 Rb8 30. a4 Kd6 31. Rd2 Ke5 32. b3 Rf8 33. Re2+ Kd6 34. Bd3 Rf6 35. Rd2 Ke5 36. Re2+ Kd6 37. Bc4 Bc6 38. Rd2+ Kc7 39. Bd5 Bd7 40. Kc4 Kb6 41. Be4 Be6+ 42. Bd5 Bh3 43. Bg8 h6 44. Bd5 Rd6 45. Kc3 g5 46. Be4 Re6 47. Bd3 Bg4 48. Rf2 Rd6 49. Bc4 h5 50. Rf7 Rg6 51. Bd3 Rg8 52. Rf6+ Kc7 53. Kc4 h4 54. Kxc5 h3 55. Rf7+ Kd8 56. Bb5 Rg6 57. Bc4 Bd1 58. c3 g4 59. Bd5 Rg5 60. Kd6 Rg6+ 61. Be6 Rxe6+ 62. Kxe6 Bxb3+ 63. Kf6 Bxf7 64. Kxf7 Kd7 65. Kf6 Kd6 66. Kf5 Kd5 67. Kxg4 Kc4 68. Kxh3 Kb3 69. g4 Kxa4 70. g5 Kb3 71. g6 Kb2 72. g7 a4 73. g8=Q a3 74. Qg2+ Ka1 75. Qf1+ Kb2 76. Qe2+ Kb3 77. Qd1+ Kb2 78. Qd2+ Kb3 79. c4 Ka4 80. Qa2 Kb4 81. Kg4 Kc5 82. Kf4 Kb4 83. h4 Ka4 84. h5 Kb4 85. h6 Kc3 86. h7 Kb4 87. h8=Q Ka4 88. Qa8+ Kb4 89. Q8xa3# 1-0

[Event "January 2 Late 2024"]
[Site "https://www.chess.com"]
[Date "2024.01.02"]
[Round "7"]
[White "Travkina, Anastasia"]
[Black "Cervantes Landeiro, Thalia"]
[Result "1-0"]
[Board "100"]
[TimeControl "180+1"]
[WhiteFideId "24129151"]
[BlackFideId "3520498"]
[WhiteElo "2424"]
[BlackElo "2565"]
[WhiteTeam "RUS"]
[BlackTeam "USA"]
[WhiteClock "0:00:17"]
[BlackClock "0:00:00"]

1. e4 c5 2. Nf3 d6 3. d4 cxd4 4. Nxd4 Nf6 5. Nc3 a6 6. Bg5 Nbd7 7. f4 Qc7 8. Qf3 h6 9. Bxf6 Nxf6 10. f5 Qc5 11. O-O-O g5 12. fxg6 Bg4 13. gxf7+ Kxf7 14. Qd3 Bxd1 15. Qxd1 Bg7 16. Be2 Rhe8 17. Rf1 Kg8 18. Rf5 Qc8 19. Bh5 Nxh5 20. Qxh5 Rf8 21. Nd5 Qe8 22. Qg4 Kh8 23. Ne6 Rg8 24. Qh4 Qg6 25. Ndf4 Qh7 26. Nxg7 Qxg7 27. Rh5 Kh7 28. g4 Rh8 29. g5 Raf8 30. Ne6 Rf1+ 31. Kd2 Rf2+ 32. Qxf2 Qg6 33. Rxh6+ 1-0

[Event "January 2 Late 2024"]
[Site "https://www.chess.com"]
[Date "2024.01.02"]
[Round "7"]
[White "Banerjee, Supratit"]
[Black "ArchibaldCerveza29"]
[Result "0-1"]
[Board "101"]
[TimeControl "180+1"]
[WhiteFideId "2410079"]
[WhiteElo "2562"]
[BlackElo "2420"]
[WhiteTeam "SCO"]
[WhiteClock "0:00:17"]
[BlackClock "0:00:00"]

1. e4 g6 2. d4 Bg7 3. Nf3 b6 4. Bd3 Bb7 5. O-O e6 6. Nbd2 Ne7 7. c3 d6 8. Re1 Nd7 9. Nf1 a6 10. Bd2 h6 11. Qc1 c5 12. e5 dxe5 13. dxe5 Bxf3 14. gxf3 Nxe5 15. Be4 Ra7 16. f4 Nc4 17. Rd1 Nxd2 18. Rxd2 Qc7 19. Ng3 O-O 20. Rd3 Rd8 21. Qd2 Rxd3 22. Qxd3 Nf5 23. Re1 Qxf4 24. Qd8+ Kh7 25. Qxb6 Rd7 26. Qxc5 Rd2 27. Bxf5 Bd4 28. Bxg6+ fxg6 29. Qe7+ Bg7 30. Rf1 Rxb2 31. Qxe6 h5 32. Qe3 Qxe3 33. fxe3 Bxc3 34. Rf7+ Kh6 35. Rc7 Bd2 36. Rc6 Bxe3+ 37. Kh1 Bf4 38. Rxa6 h4 39. Nf1 Kh5 40. Ra4 g5 41. Kg1 Kg4 42. Ra3 Be5 43. Ne3+ Kh5 44. Nf1 Bd4+ 45. Kh1 Rf2 46. Ng3+ hxg3 47. hxg3 Be5 48. Re3 Bd6 49. a4 Kg4 50. Kg1 Ra2 51. Rd3 Bc5+ 52. Kf1 Rxa4 53. Kg2 Ra2+ 54. Kf1 Rf2+ 55. Ke1 Rc2 56. Kf1 Kh3 57. Rd5 Be3 58. Rd3 Bc1 59. Ke1 Rc8 60. Kf2 g4 61. Kf1 Bb2 62. Kg1 Rf8 63. Rb3 Bd4+ 64. Re3 Bxe3+ 65. Kh1 Rf1# 0-1

[Event "January 2 Late 2024"]
[Site "https://www.chess.com"]
[Date "2024.01.02"]
[Round "7"]
[White "Filipovic, Slobodan J"]
[Black "Womacka, Mathias"]
[Result "0-1"]
[Board "102"]
[TimeControl "180+1"]
[WhiteFideId "939633"]
[BlackFideId "4611390"]
[WhiteElo "2422"]
[BlackElo "2553"]
[WhiteTeam "SRB"]
[BlackTeam "GER"]
[WhiteClock "0:00:39"]
[BlackClock "0:00:41"]

1. c4 c5 2. Nc3 Nf6 3. g3 d5 4. cxd5 Nxd5 5. Bg2 Nc7 6. f4 g6 7. Nf3 Bg7 8. O-O O-O 9. b3 Nc6 10. Bb2 Bf5 11. Ne5 Nxe5 12. fxe5 Rb8 13. e4 Be6 14. Nd5 Nxd5 15. exd5 Bxd5 16. Bc3 Bxg2 17. Kxg2 Bxe5 18. Qf3 Bxc3 19. dxc3 Qc7 20. Rae1 Rbd8 21. Re2 b6 22. Rfe1 e6 23. h4 c4 24. h5 Rd3 25. Re3 Rxe3 26. Rxe3 Qc5 27. h6 Qd5 28. Re4 f5 29. Rd4 Qxf3+ 30. Kxf3 cxb3 31. axb3 Kf7 32. Rd7+ Kf6 33. Rxa7 Rf7 34. Ra8 Rb7 35. Rg8 b5 36. g4 Rc7 37. Rg7 Rxg7 38. g5+ Kf7 39. hxg7 Kxg7 40. c4 bxc4 41. b4 Kf7 42. b5 Ke7 43. b6 Kd6 44. b7 Kc7 45. Kf4 Kxb7 46. Ke5 c3 47. Kxe6 c2 48. Kf6 c1=Q 49. Kg7 Qxg5 50. Kxh7 f4 51. Kg7 f3 52. Kf7 f2 53. Kg7 f1=Q 54. Kh7 Qf7+ 0-1

[Event "January 2 Late 2024"]
[Site "https://www.chess.com"]
[Date "2024.01.02"]
[Round "7"]
[White "Grinev, Valeriy"]
[Black "Awoki, Daniel Teidi"]
[Result "1-0"]
[Board "103"]
[TimeControl "180+1"]
[WhiteFideId "14117517"]
[BlackFideId "2100827"]
[WhiteElo "2552"]
[BlackElo "2419"]
[WhiteTeam "UKR"]
[BlackTeam "BRA"]
[WhiteClock "0:02:09"]
[BlackClock "0:01:52"]

1. e4 c5 2. Nf3 e6 3. d4 cxd4 4. Nxd4 Nc6 5. Nc3 Qc7 6. Be3 a6 7. g4 b5 8. Bg2 Bb7 9. Nxc6 dxc6 10. O-O Bd6 11. f4 c5 12. e5 Be7 13. Ne4 Bxe4 14. Bxe4 Rd8 15. Qf3 c4 16. Rad1 Nh6 17. Rxd8+ Bxd8 18. Bc6+ Kf8 19. Rd1 Be7 20. Rd7 Qc8 21. Rxe7 Kxe7 22. Bc5+ Kd8 23. Qd1+ Kc7 24. Qd6# 1-0

[Event "January 2 Late 2024"]
[Site "https://www.chess.com"]
[Date "2024.01.02"]
[Round "7"]
[White "Weinstein, Norman"]
[Black "Matta, Nicholas"]
[Result "1/2-1/2"]
[Board "104"]
[TimeControl "180+1"]
[WhiteFideId "2000466"]
[BlackFideId "30914523"]
[WhiteElo "2418"]
[BlackElo "2552"]
[WhiteTeam "USA"]
[BlackTeam "USA"]
[WhiteClock "0:00:31"]
[BlackClock "0:00:18"]

1. e4 c5 2. Nf3 Nf6 3. Nc3 d5 4. Bb5+ Bd7 5. Bxd7+ Qxd7 6. exd5 Nxd5 7. O-O e6 8. d4 cxd4 9. Nxd4 Nxc3 10. bxc3 Be7 11. Qf3 O-O 12. Rb1 Nc6 13. Be3 Rac8 14. Rfd1 Qc7 15. Nxc6 bxc6 16. c4 Rfd8 17. g3 h6 18. c5 Rd5 19. c4 Rf5 20. Qe4 Bxc5 21. Bxc5 Rxc5 22. Qd4 Qe5 23. Qd7 Qc7 24. Rb7 Qxd7 25. Rdxd7 Rf8 26. Rxa7 Rxc4 27. a4 c5 28. Rdc7 Rc1+ 29. Kg2 c4 30. a5 c3 31. a6 c2 32. h4 h5 33. Rc5 Kh7 34. Rxh5+ Kg6 35. Rc5 Rd8 36. Rcc7 Rd2 37. h5+ Kxh5 38. Rc5+ Kg6 39. Rac7 Ra1 40. a7 Ra2 41. a8=Q Rxa8 42. Rxc2 Ra2 43. Rxa2 Rxa2 44. Rc4 f5 45. Rc6 Kf6 46. Rb6 g5 47. Rc6 g4 48. Rb6 Ke5 49. Rb5+ Ke4 50. Rb4+ Kd5 51. Rb5+ Kd4 52. Rb4+ Kc5 53. Rb8 Kd5 54. Rb5+ Kc6 55. Rb8 Kc7 56. Rb5 Kc6 57. Rb8 Kd5 58. Rb5+ 1/2-1/2

[Event "January 2 Late 2024"]
[Site "https://www.chess.com"]
[Date "2024.01.02"]
[Round "7"]
[White "Lin, Bryan Enming"]
[Black "Zakarian, David"]
[Result "1-0"]
[Board "105"]
[TimeControl "180+1"]
[WhiteFideId "30987121"]
[BlackFideId "13301276"]
[WhiteElo "2550"]
[BlackElo "2406"]
[WhiteTeam "USA"]
[BlackTeam "ARM"]
[WhiteClock "0:01:19"]
[BlackClock "0:00:58"]

1. e4 c5 2. Nf3 e6 3. d4 cxd4 4. Nxd4 a6 5. Nc3 Qc7 6. Bd3 Nf6 7. O-O Nc6 8. Nf3 Be7 9. Re1 d6 10. a4 O-O 11. h3 b6 12. Bf4 Bb7 13. Qd2 Rac8 14. Rad1 Rfd8 15. Bf1 Qb8 16. Bh2 Qa8 17. Qe3 Qa7 18. Rd2 Na5 19. Red1 d5 20. exd5 Nxd5 21. Nxd5 Rxd5 22. Rxd5 Bxd5 23. Bd3 Bc5 24. Qf4 b5 25. b4 Bxf2+ 26. Kh1 Nc4 27. axb5 axb5 28. Ng5 h6 29. Nxf7 Qxf7 30. Qxf7+ Kxf7 31. Rf1 Ne3 32. Rxf2+ Ke7 33. Be5 Nxc2 34. Rxc2 1-0

[Event "January 2 Late 2024"]
[Site "https://www.chess.com"]
[Date "2024.01.02"]
[Round "7"]
[White "RemcoSpr"]
[Black "Pham, Le Thao Nguyen"]
[Result "0-1"]
[Board "106"]
[TimeControl "180+1"]
[BlackFideId "12401226"]
[WhiteElo "2394"]
[BlackElo "2537"]
[BlackTeam "VIE"]
[WhiteClock "0:00:05"]
[BlackClock "0:00:13"]

1. e4 c5 2. Nf3 e6 3. d4 cxd4 4. Nxd4 a6 5. Be2 Qc7 6. c4 Nf6 7. Nc3 Bb4 8. Qd3 O-O 9. f4 d6 10. O-O Nbd7 11. Bf3 Nc5 12. Qe2 Bxc3 13. bxc3 e5 14. Nc2 exf4 15. Bxf4 Re8 16. Ne3 Ncxe4 17. Bxe4 Nxe4 18. Nd5 Qd8 19. Rae1 Bf5 20. Qe3 Bg6 21. Qd4 Rc8 22. Re3 Qa5 23. Bh6 Re5 24. Bf4 Re6 25. Rfe1 f5 26. Bxd6 Qxa2 27. c5 Kh8 28. Rf1 Rce8 29. Nf4 Rf6 30. Nxg6+ hxg6 31. Ref3 Qe6 32. Rh3+ Kg8 33. Re3 Rf7 34. c4 Qd7 35. g3 Rf6 36. Rfe1 Rfe6 37. Qd5 Kh7 38. Rf3 Nxc5 39. Bxc5 Rxe1+ 40. Kg2 Qxd5 41. cxd5 Rd1 42. d6 Rd5 43. Bb4 a5 44. Ba3 b5 45. Rf4 b4 46. Bc1 Rxd6 47. Rc4 Red8 48. Bf4 Rd5 49. Rc7 R8d7 50. Rc8 Rb5 51. Ra8 b3 52. Bc1 b2 53. Bxb2 Rxb2+ 54. Kh3 Rb5 55. Kh4 Rd4+ 56. Kh3 Rdb4 57. g4 fxg4+ 58. Kh4 g3+ 59. Kxg3 a4 0-1

[Event "January 2 Late 2024"]
[Site "https://www.chess.com"]
[Date "2024.01.02"]
[Round "7"]
[White "RaugintaBulba"]
[Black "Bueno, Alfeu Junior Varela"]
[Result "1-0"]
[Board "107"]
[TimeControl "180+1"]
[BlackFideId "2108879"]
[WhiteElo "2534"]
[BlackElo "2386"]
[BlackTeam "BRA"]
[WhiteClock "0:01:03"]
[BlackClock "0:00:00"]

1. d4 e6 2. c4 f5 3. Nf3 b6 4. g3 Bb7 5. Bg2 Nf6 6. d5 Bd6 7. Nd4 O-O 8. O-O Qc8 9. Nc3 Na6 10. e4 fxe4 11. Nxe4 exd5 12. Nxd6 cxd6 13. Nf5 Qxc4 14. Nxd6 Qc6 15. Bf4 Nc5 16. b4 Nce4 17. b5 Qc7 18. Nxe4 Qd8 19. Nxf6+ Qxf6 20. Bxd5+ Bxd5 21. Qxd5+ Kh8 22. Qxd7 Qg6 23. Qc6 Qg4 24. Rac1 Rad8 25. Be3 h6 26. Rc4 Qe2 27. Rh4 Rf6 28. Rxh6+ Rxh6 29. Bxh6 gxh6 30. Qxh6+ Kg8 31. Qg5+ Kf7 32. Qxd8 Qxa2 33. Rd1 1-0

[Event "January 2 Late 2024"]
[Site "https://www.chess.com"]
[Date "2024.01.02"]
[Round "7"]
[White "Pinheiro, Iung Alicio de O."]
[Black "Marcziter, Dmitrii"]
[Result "1-0"]
[Board "108"]
[TimeControl "180+1"]
[WhiteFideId "2104350"]
[BlackFideId "13900765"]
[WhiteElo "2533"]
[BlackElo "2385"]
[WhiteTeam "BRA"]
[BlackTeam "GER"]
[WhiteClock "0:00:59"]
[BlackClock "0:00:00"]

1. e4 c5 2. Nf3 a6 3. c4 e6 4. Be2 Qc7 5. Nc3 b6 6. O-O Bb7 7. Re1 Nc6 8. d4 cxd4 9. Nxd4 Ne5 10. Bg5 Bc5 11. Rc1 Ne7 12. Bf1 h6 13. Bh4 g5 14. Bg3 N7g6 15. a3 h5 16. h3 1-0

[Event "January 2 Late 2024"]
[Site "https://www.chess.com"]
[Date "2024.01.02"]
[Round "7"]
[White "Ismayil, Malak"]
[Black "Khodabandeh, Milad"]
[Result "1/2-1/2"]
[Board "109"]
[TimeControl "180+1"]
[WhiteFideId "13412604"]
[BlackFideId "12538620"]
[WhiteElo "2529"]
[BlackElo "2384"]
[WhiteTeam "AZE"]
[BlackTeam "IRI"]
[WhiteClock "0:00:14"]
[BlackClock "0:00:19"]

1. e4 e5 2. Nf3 Nc6 3. Bc4 Bc5 4. d3 Nf6 5. Nc3 d6 6. h3 a6 7. O-O h6 8. Be3 Ba7 9. d4 O-O 10. dxe5 Nxe5 11. Nxe5 dxe5 12. Bxa7 Rxa7 13. Qe2 c6 14. Rad1 Qe7 15. Bb3 b5 16. a3 a5 17. Rfe1 Rd8 18. Rxd8+ Qxd8 19. Rd1 Rd7 20. Rxd7 Qxd7 21. Qe3 a4 22. Ba2 Qd4 23. Qxd4 exd4 24. Ne2 c5 25. f3 Be6 26. Bxe6 fxe6 27. Kf2 e5 28. Nc1 c4 29. g3 Kf7 30. Ke2 Ke6 31. Kf2 Kd6 32. Na2 Kc5 33. Nb4 g5 34. Na6+ Kb6 35. Nb4 Kc7 36. Ke2 Kd6 37. Kf2 h5 38. g4 h4 39. Ke2 Ng8 40. Nd5 Ne7 41. Nxe7 Kxe7 42. Kd2 Kd6 43. Ke2 Kc5 44. c3 b4 45. cxb4+ Kb5 46. Kd2 Kb6 47. Kc2 Kc6 48. Kd2 Kc7 49. Kc2 Kd7 50. Kd2 Ke7 51. Kc2 Kf7 52. Kd2 Kf8 53. Kc2 Ke8 54. Kd2 Kd8 55. Kc2 Kc8 56. Kd2 Kb8 57. Kc2 Ka8 58. Kd2 Ka7 59. Kc2 Kb7 60. Kd2 Kc7 61. Kc2 Kd7 62. Kd2 Ke7 63. Kc2 Kf6 64. Kd2 Kf7 65. Kc2 Ke6 66. Kd2 Kd6 67. Kc2 Kc6 68. Kd2 Kb5 69. Kc2 Ka6 70. Kd2 Kb6 71. Kc2 Kc6 1/2-1/2

[Event "January 2 Late 2024"]
[Site "https://www.chess.com"]
[Date "2024.01.02"]
[Round "7"]
[White "Tabuenca Mendataurigoitia, Daniel"]
[Black "Arias Igual, Alejandro"]
[Result "1-0"]
[Board "110"]
[TimeControl "180+1"]
[WhiteFideId "24563617"]
[BlackFideId "2254905"]
[WhiteElo "2524"]
[BlackElo "2379"]
[WhiteTeam "ESP"]
[BlackTeam "ESP"]
[WhiteClock "0:00:36"]
[BlackClock "0:00:01"]

1. d4 d5 2. Nc3 c5 3. e4 dxe4 4. dxc5 Qxd1+ 5. Kxd1 Nf6 6. Nge2 Bg4 7. h3 Bh5 8. g4 Bg6 9. Nf4 e5 10. Nfd5 Nxd5 11. Nxd5 Kd8 12. b4 Nc6 13. c3 Ne7 14. Bc4 Nxd5 15. Bxd5 Kc7 16. Ke2 h5 17. Bb2 a5 18. a3 Rd8 19. c4 f6 20. g5 h4 21. Ke3 b6 22. cxb6+ Kxb6 23. c5+ Kb5 24. Rhd1 axb4 25. axb4 Bh5 26. Rd2 Bf3 27. Bc3 Bxc5+ 28. bxc5 Kxc5 29. Ra5+ Kb6 30. Rb2+ Kc7 31. Rb7+ Kd6 32. Bb4# 1-0

[Event "January 2 Late 2024"]
[Site "https://www.chess.com"]
[Date "2024.01.02"]
[Round "7"]
[White "Estrada Nieto, Julian"]
[Black "CRObliterator"]
[Result "0-1"]
[Board "111"]
[TimeControl "180+1"]
[WhiteFideId "5101018"]
[WhiteElo "2523"]
[BlackElo "2367"]
[WhiteTeam "ESP"]
[WhiteClock "0:00:04"]
[BlackClock "0:00:15"]

1. e4 e5 2. Nf3 Nc6 3. Bb5 a6 4. Ba4 Nf6 5. O-O Be7 6. d3 b5 7. Bb3 O-O 8. a4 b4 9. Re1 d6 10. h3 Nb8 11. Nbd2 c5 12. Nc4 Be6 13. c3 Nc6 14. Ng5 Bd7 15. a5 h6 16. Nf3 Be6 17. Nh2 Bxc4 18. Bxc4 Nxa5 19. Ba2 Rb8 20. Ng4 Nxg4 21. Qxg4 b3 22. Bxh6 Bf6 23. Bb1 Ra8 24. Re3 Kh7 25. Rf3 gxh6 26. Qf5+ Kg7 27. d4 Nc4 28. dxc5 dxc5 29. Rg3+ Kh8 30. Bd3 Nxb2 31. Be2 Bg7 32. Rb1 Qd2 33. Bh5 a5 34. Qg4 Qg5 35. Qe2 Qh4 36. Rxb2 a4 37. Rb1 c4 38. Bg4 a3 39. Rf3 a2 40. Ra1 Rfb8 41. Qb2 Qd8 42. Re3 Qd6 43. Be2 Qa3 44. Qxa3 Rxa3 45. Bxc4 b2 46. Rxa2 b1=Q+ 47. Kh2 Rxa2 48. Bxa2 Qxa2 49. Rd3 Qc4 50. Rd1 Qxe4 51. Kg1 Qf4 52. Rf1 Rb2 53. c4 Qxc4 54. g3 e4 55. h4 Bd4 56. Kg2 Rxf2+ 57. Rxf2 Bxf2 58. Kxf2 Qd3 59. g4 Qf3+ 60. Ke1 e3 61. g5 Qf2+ 62. Kd1 Qd2# 0-1

[Event "January 2 Late 2024"]
[Site "https://www.chess.com"]
[Date "2024.01.02"]
[Round "7"]
[White "Dubreuil, Julien"]
[Black "Salazar Farias, Luis German"]
[Result "1-0"]
[Board "112"]
[TimeControl "180+1"]
[WhiteFideId "621285"]
[BlackFideId "3902170"]
[WhiteElo "2361"]
[BlackElo "2523"]
[WhiteTeam "FRA"]
[BlackTeam "VEN"]
[WhiteClock "0:00:18"]
[BlackClock "0:00:00"]

1. e4 c5 2. Nf3 d6 3. d4 cxd4 4. Nxd4 Nf6 5. Bc4 e6 6. O-O Be7 7. Re1 O-O 8. Bf1 Nc6 9. c4 d5 10. exd5 exd5 11. Nc3 Bc5 12. Be3 Nxd4 13. Bxd4 Bxd4 14. Qxd4 dxc4 15. Qh4 Be6 16. Rad1 Qa5 17. Bxc4 Bxc4 18. Qxc4 Rac8 19. Qb3 Rc7 20. Re3 h6 21. h3 Qc5 22. Rg3 Qc4 23. Qc2 Qf4 24. Rdd3 Re8 25. Rdf3 Re1+ 26. Kh2 Qd6 27. Qf5 Rc6 28. a3 h5 29. h4 Qe5 30. Re3 Ng4+ 31. Qxg4 hxg4 32. Rxe5 Rxe5 33. Rxg4 g6 34. f3 Kg7 35. Rd4 Re7 36. Kg3 Rec7 37. Ne4 Rb6 38. b4 Rbc6 39. Ng5 Rf6 40. Ne4 a6 41. Nxf6 Kxf6 42. Rd6+ Ke7 43. Rb6 Kd7 44. Kg4 Kc8 45. Rf6 Re7 46. Kg5 Kd7 47. Kh6 Ke8 48. Kg7 Rc7 49. g4 Rd7 50. h5 gxh5 51. gxh5 Rd1 52. Rf5 Rg1+ 53. Kf6 Kf8 54. Ke5 Ke7 55. Kd5 Rh1 56. Kc5 Ke6 57. Rf4 f5 58. Kb6 Rxh5 59. Kxb7 Ke5 60. Rc4 f4 61. Rc5+ 1-0

[Event "January 2 Late 2024"]
[Site "https://www.chess.com"]
[Date "2024.01.02"]
[Round "7"]
[White "Kostiukov, Alexandr"]
[Black "Ljukin, Sergei"]
[Result "0-1"]
[Board "113"]
[TimeControl "180+1"]
[WhiteFideId "14108100"]
[BlackFideId "14102200"]
[WhiteElo "2347"]
[BlackElo "2522"]
[WhiteTeam "UKR"]
[BlackTeam "UKR"]
[WhiteClock "0:00:12"]
[BlackClock "0:00:08"]

1. g3 e5 2. c4 Nf6 3. Bg2 c6 4. a3 d5 5. cxd5 cxd5 6. d4 e4 7. Bg5 Nc6 8. Nc3 Be6 9. Nh3 Bd6 10. O-O h6 11. Bxf6 Qxf6 12. e3 Qd8 13. f3 Qd7 14. Nf4 Bxf4 15. gxf4 f5 16. fxe4 fxe4 17. Qh5+ Bf7 18. Qh4 O-O 19. f5 Qd8 20. f6 Be6 21. Rf4 Rxf6 22. Rxf6 Qxf6 23. Qxf6 gxf6 24. Nb5 Kf7 25. Nc7 Rg8 26. Nxe6 Kxe6 27. Kf2 Rg5 28. Bh3+ Ke7 29. b4 Rh5 30. Kg3 Rg5+ 31. Kf2 a6 32. Rc1 f5 33. Bf1 Rh5 34. Kg1 Kd6 35. Rc5 f4 36. exf4 Nxd4 37. Rc8 Nf3+ 38. Kf2 Rxh2+ 39. Kg3 Ra2 40. Rd8+ Kc6 41. Rc8+ Kd7 42. Rh8 Rxa3 43. Rh7+ Kc6 44. Rxh6+ Kc7 45. Rh7+ Kb6 46. Kg4 Ra1 47. Bg2 Rg1 48. Kg3 Ne1 49. Kf2 Rxg2+ 50. Kxe1 Rg3 51. f5 Rf3 52. Rh6+ Kb5 53. f6 Kxb4 54. Ke2 Kc4 55. Kd2 Kd4 56. Ke2 b5 57. f7 Rxf7 58. Rxa6 Rb7 59. Ra2 b4 60. Rd2+ Ke5 61. Rd1 b3 62. Kd2 b2 63. Rb1 Kd4 64. Kc2 e3 65. Rd1+ Ke4 66. Kb1 d4 67. Rh1 Kd3 68. Rh7 e2 69. Rxb7 e1=Q+ 70. Kxb2 Qc3+ 71. Ka2 Qc4+ 72. Rb3+ Ke4 73. Ka3 d3 74. Rb4 Qxb4+ 75. Kxb4 d2 76. Kc3 d1=Q 77. Kb2 Qd4+ 0-1

[Event "January 2 Late 2024"]
[Site "https://www.chess.com"]
[Date "2024.01.02"]
[Round "7"]
[White "Weisz, Bryan"]
[Black "Wendt, Jan-Dietrich"]
[Result "1-0"]
[Board "114"]
[TimeControl "180+1"]
[WhiteFideId "30934133"]
[BlackFideId "4623797"]
[WhiteElo "2519"]
[BlackElo "2358"]
[WhiteTeam "USA"]
[BlackTeam "GER"]
[WhiteClock "0:00:27"]
[BlackClock "0:00:15"]

1. h4 d5 2. a4 e5 3. h5 h6 4. a5 Bd6 5. e3 f5 6. d4 e4 7. c4 c6 8. Nc3 Ne7 9. Qb3 Be6 10. c5 Bc7 11. Qxb7 Nd7 12. Qb4 O-O 13. Nh3 Nf6 14. Nf4 Bf7 15. Be2 Rb8 16. Qa4 Qe8 17. b4 Bxf4 18. exf4 Bxh5 19. Be3 Bxe2 20. Kxe2 a6 21. Rab1 Ng4 22. Qd1 Kf7 23. Qg1 Ke6 24. Na4 g5 25. fxg5 f4 26. Bd2 f3+ 27. gxf3 exf3+ 28. Kd1 h5 29. Qe1+ Kd7 30. Nb6+ Kd8 31. Qe6 Rg8 32. Qd6+ 1-0